Map: Oceanborn LE

Players

Lambo - Winner!

  • Race: Zerg Zerg
  • Spawn Location: 11:00

Oliveira

  • Race: Terran Terran
  • Spawn Location: 5:00

Event: Bellum Gens Elite Stara Zagora 2024

VOD

Have the link to the VOD?

Description

Time

  • Played on: Sept. 8, 2024, 6:51 a.m.
  • Length: 20:58

All games in this series

Show
View Real Time Build Order
Export as new Build Order

Lambo Zerg - Winner!

Build Orders: Hatch First 

Get SALT Encoding   

  12  0:00  Drone  
  13  0:13  Overlord  
  13  0:17  Drone  
  14  0:31  Drone x2  
  16  0:47  Hatchery  
  15  0:51  Drone  
  15  0:54  Drone  
  17  0:58  Drone  
  18  1:08  Extractor  
  17  1:12  Spawning Pool  
  17  1:16  Drone  
  17  1:19  Drone  
  18  1:28  Drone  
  19  1:39  Drone  
  20  1:49  Drone  
  21  1:59  Queen x2  
  21  2:00  Zergling x2  
  21  2:01  Zergling x2  
  27  2:10  Drone  
  28  2:17  Hatchery  
  28  2:19  Overlord  
  28  2:22  Drone  
  28  2:41  Drone x3  
  28  2:42  Queen  
  33  2:47  Overlord  
  33  2:51  Metabolic Boost  
  33  2:54  Drone  
  33  2:55  Drone  
  33  2:58  Drone  
  36  3:05  Queen  
  38  3:08  Drone x2  
  38  3:10  Drone  
  41  3:15  Drone x3  
  44  3:22  Overlord  
  44  3:25  Overlord  
  44  3:32  Drone x2  
  46  3:35  Queen  
  46  3:37  Queen  
  50  3:43  Zergling x4  
  50  3:44  Overlord  
  50  3:46  Drone  
  54  3:48  Drone  
  54  3:51  Queen  
  54  3:55  Drone  
  57  3:56  Evolution Chamber  
  57  3:59  Drone x2  
  59  4:04  Drone x2  
  59  4:06  Drone x3  
  63  4:10  Drone x2  
  63  4:12  Drone  
  63  4:14  Queen  
  68  4:18  Overlord  
  68  4:22  Zergling x6  
  71  4:25  Drone x2  
  71  4:30  Overlord  
  73  4:31  Lair  
  73  4:33  Extractor  
  72  4:38  Zergling x2  
  72  4:42  Hatchery  
  72  4:44  Spore Crawler  
  71  4:47  Drone x3  
  71  4:51  Spore Crawler  
  73  4:52  Spore Crawler  
  73  4:53  Drone x2  
  73  4:56  Zergling x6  
  73  4:58  Drone x2  
  79  5:00  Drone x2  
  79  5:06  Baneling Nest  
  80  5:09  Drone x2  
  82  5:14  Extractor  
  82  5:15  Drone x2, Extractor  
  82  5:25  Overlord  
  82  5:26  Overlord  
  82  5:29  Overlord, Extractor, Evolution Chamber  
  82  5:30  Overseer  
  82  5:31  Drone x2, Overseer  
  82  5:32  Evolution Chamber  
  82  5:33  Drone  
  82  5:34  Overlord  
  82  5:40  Overlord  
  82  5:44  Zergling x16  
  85  5:53  Zergling x8  
  84  6:00  Drone x4  
  84  6:01  Drone  
  84  6:02  Centrifugal Hooks, Zerg Melee Weapons Level 1, Zerg Ground Armor Level 1  
  89  6:05  Drone x3  
  89  6:08  Drone x2  
  89  6:09  Drone  
  95  6:19  Drone x2  
  95  6:22  Drone x4  
  98  6:27  Drone x3, Hydralisk Den  
  98  6:30  Drone x3  
  102  6:40  Drone x2  
  102  6:42  Drone x2  
  104  6:49  Drone x2  
  104  6:50  Baneling, Zergling x6  
  104  6:51  Baneling x3  
  109  6:54  Infestation Pit  
  109  6:55  Drone x3  
  109  6:57  Extractor  
  109  6:58  Zergling x4  
  109  7:01  Extractor  
  111  7:05  Drone x2  
  113  7:10  Baneling x2  
  113  7:11  Hydralisk x6, Grooved Spines  
  113  7:14  Baneling x2  
  125  7:16  Baneling x3  
  125  7:17  Zergling x4  
  125  7:18  Overlord  
  125  7:19  Overlord x2  
  125  7:22  Overlord  
  127  7:23  Overlord x3  
  127  7:26  Overlord  
  127  7:29  Overlord  
  127  7:36  Hydralisk x4  
  136  7:40  Zergling x12  
  140  7:47  Zergling x10  
  140  7:50  Hydralisk  
  140  7:51  Hydralisk x4  
  143  7:56  Hive  
  151  8:00  Zergling x12  
  151  8:01  Muscular Augments  
  151  8:02  Baneling  
  151  8:03  Baneling x4  
  157  8:10  Zergling x10  
  157  8:12  Hatchery  
  161  8:13  Baneling x2  
  161  8:14  Baneling x2  
  161  8:15  Zergling x10  
  166  8:21  Zergling x12  
  166  8:23  Baneling x2  
  172  8:29  Overlord  
  172  8:35  Zergling x10  
  172  8:36  Zerg Melee Weapons Level 2, Zerg Ground Armor Level 2  
  172  8:38  Hatchery  
  172  8:39  Baneling x2  
  176  8:42  Zergling x10  
  181  8:49  Zergling x16  
  181  8:51  Drone  
  181  8:55  Zergling x6  
  190  8:57  Baneling x3  
  190  9:01  Zergling x4  
  190  9:04  Zergling x4  
  190  9:05  Baneling x11  
  192  9:11  Zergling x10  
  196  9:19  Baneling x13  
  196  9:20  Baneling x2  
  196  9:21  Zergling x8  
  200  9:24  Adrenal Glands  
  200  9:29  Overlord  
  197  9:36  Viper  
  191  9:44  Zergling x32  
  193  9:47  Zergling x14  
  193  9:52  Baneling x11  
  171  9:57  Zergling x8  
  175  10:04  Zergling x10  
  179  10:09  Zergling x10  
  179  10:10  Baneling x15  
  179  10:12  Zergling x6  
  184  10:18  Zergling x14  
  167  10:22  Baneling x7  
  167  10:25  Zergling x8  
  167  10:28  Zergling x6  
  168  10:30  Zergling x6  
  169  10:37  Zergling x14  
  175  10:43  Zergling x2  
  175  10:44  Zergling x14  
  178  10:50  Zergling x12  
  178  10:52  Zerg Missile Weapons Level 1  
  180  10:59  Zergling x4  
  173  11:06  Zergling x16  
  173  11:09  Zergling x2  
  153  11:12  Zergling x2  
  153  11:13  Zergling x10  
  153  11:17  Zerg Ground Armor Level 3  
  153  11:18  Zergling x4  
  150  11:25  Zergling x8  
  150  11:27  Baneling x15  
  150  11:33  Drone x4  
  150  11:36  Zergling x10  
  159  11:43  Viper  
  159  11:44  Viper  
  159  11:45  Zergling x8  
  159  11:46  Baneling x5  
  169  11:47  Zergling x2  
  169  11:49  Baneling  
  169  11:50  Baneling x6  
  169  11:52  Zergling x2  
  171  11:56  Hydralisk x4  
  179  12:01  Drone  
  179  12:02  Drone x3  
  179  12:08  Zergling x10  
  176  12:19  Zergling x16  
  169  12:23  Zergling x2  
  169  12:28  Hydralisk x6  
  176  12:37  Zergling x16  
  184  12:41  Baneling x13, Zergling x2  
  184  12:42  Zergling x12  
  184  12:43  Burrow  
  191  12:46  Zerg Melee Weapons Level 3  
  191  12:49  Infestor x2  
  195  12:52  Zergling x8  
  195  12:57  Spore Crawler  
  195  13:00  Hydralisk x2  
  195  13:03  Zergling x2  
  200  13:07  Overlord  
  186  13:14  Zergling x26  
  186  13:17  Pneumatized Carapace  
  186  13:19  Zergling x14  
  185  13:24  Zergling x6  
  186  13:27  Baneling x6  
  186  13:28  Baneling x3, Zergling x10  
  186  13:31  Zergling x2  
  192  13:35  Infestor  
  192  13:38  Zergling x8  
  192  13:43  Overseer  
  192  13:51  Zergling x16  
  192  13:53  Baneling x17  
  200  13:56  Overseer x2  
  200  13:57  Zerg Missile Weapons Level 2  
  200  14:02  Hatchery  
  200  14:05  Zergling x2  
  183  14:12  Zergling x2  
  183  14:13  Zergling x32  
  183  14:16  Zergling x12  
  182  14:21  Zergling x4  
  182  14:23  Infestor  
  167  14:25  Zergling x10  
  167  14:29  Zergling x4  
  170  14:35  Zergling x8  
  170  14:37  Hydralisk  
  172  14:40  Infestor  
  172  14:41  Baneling x10  
  172  14:43  Zergling x8  
  176  14:58  Zergling x24  
  176  14:59  Baneling x4  
  188  15:00  Baneling x13  
  188  15:02  Hatchery  
  188  15:06  Spore Crawler  
  186  15:07  Extractor  
  186  15:10  Zergling x6  
  186  15:11  Zergling x2, Lurker Den  
  187  15:16  Infestor x2  
  187  15:18  Zergling x2  
  187  15:19  Zergling x16  
  187  15:20  Extractor  
  182  15:24  Zergling x16  
  178  15:30  Zergling x16  
  173  15:37  Zergling x2  
  173  15:38  Zergling x2  
  164  15:43  Zergling x10  
  155  15:51  Zergling x12  
  155  15:54  Zergling x6  
  155  15:57  Zergling x2  
  155  16:01  Zergling x4  
  152  16:04  Zergling x2  
  152  16:05  Zergling x4  
  152  16:09  Hydralisk  
  143  16:12  Seismic Spines  
  143  16:13  Hydralisk x3  
  143  16:16  Infestor  
  148  16:21  Baneling, Zergling x4  
  148  16:22  Baneling x11  
  148  16:23  Zergling x4  
  148  16:25  Zergling x2, Zerg Missile Weapons Level 3  
  150  16:26  Zergling x2  
  150  16:27  Baneling x4  
  152  16:33  Drone x2, Extractor  
  152  16:34  Zergling x10  
  152  16:35  Hydralisk x2  
  152  16:38  Hydralisk x2  
  166  16:42  Hydralisk  
  168  16:49  Hydralisk x8  
  184  16:59  Zergling x20  
  184  17:00  Hatchery  
  191  17:06  Drone x2  
  191  17:08  Overlord x2  
  193  17:09  Adaptive Talons  
  193  17:15  Infestor  
  193  17:18  Zergling x4  
  193  17:22  Spore Crawler  
  193  17:23  Overseer x2  
  193  17:27  Zergling x22  
  193  17:29  Zergling x10  
  193  17:33  Zergling x8  
  193  17:37  Infestor  
  178  17:43  Drone x4  
  184  17:48  Zergling x6  
  176  17:54  Zergling x12  
  159  18:00  Zergling x2  
  159  18:01  Zergling x2  
  152  18:08  Zergling x10  
  146  18:13  Zergling x12  
  146  18:18  Zergling x2  
  133  18:21  Zergling x2  
  133  18:22  Zergling x2  
  133  18:23  Hydralisk x4  
  131  18:31  Hydralisk x2  
  132  18:34  Hydralisk  
  132  18:35  Hydralisk x4  
  132  18:40  Hydralisk x2  
  146  18:42  Baneling x4, Overseer x2  
  146  18:46  Hydralisk x5  
  156  18:48  Lurker x2  
  156  18:49  Hydralisk  
  156  18:53  Infestor  
  162  19:01  Zergling x2  
  162  19:02  Zergling x10  
  161  19:05  Spore Crawler  
  161  19:08  Zergling x12  
  166  19:13  Zergling x8  
  170  19:18  Lurker x12  
  170  19:19  Lurker x5  
  170  19:21  Zergling x16  
  189  19:34  Extractor  
  189  19:35  Zergling x22  
  199  19:40  Overlord  
  199  19:45  Overlord x2  
  198  19:46  Zergling x4  
  198  19:52  Overlord  
  199  19:53  Baneling x8  
  199  19:55  Overlord  
  199  20:00  Hatchery  
  199  20:02  Zergling x6  
  200  20:09  Hydralisk x2  
  195  20:18  Zergling x2  
  195  20:19  Zergling x22, Overseer  
  197  20:23  Zergling x12  
  195  20:39  Zergling x2  
  195  20:40  Zergling x14  
Show
View Real Time Build Order
Export as new Build Order

Oliveira Terran 

Build Orders: Reaper Expand, Hellion Banshee 

Get SALT Encoding   

  12  0:00  SCV  
  13  0:12  SCV  
  14  0:17  Supply Depot  
  14  0:24  SCV  
  15  0:39  SCV  
  15  0:40  Barracks  
  16  0:44  Refinery  
  16  0:51  SCV  
  17  1:03  SCV  
  18  1:15  SCV  
  19  1:28  Orbital Command, Reaper  
  20  1:39  Command Center  
  20  1:53  Supply Depot, SCV  
  21  1:59  Marine  
  22  2:06  SCV  
  23  2:17  Factory  
  23  2:18  SCV  
  23  2:21  Barracks Reactor  
  24  2:30  SCV  
  25  2:40  Command Center  
  25  2:42  SCV  
  26  2:52  Orbital Command  
  26  2:55  SCV  
  27  3:01  Starport  
  27  3:05  Refinery  
  27  3:07  SCV  
  27  3:12  Hellion  
  30  3:14  Hellion  
  30  3:16  Barracks Tech Lab  
  30  3:19  SCV  
  33  3:20  SCV  
  34  3:31  SCV  
  34  3:33  SCV  
  36  3:35  Hellion  
  36  3:36  Hellion  
  40  3:43  SCV  
  40  3:44  Marine, Banshee  
  40  3:45  SCV  
  46  3:52  Orbital Command  
  46  3:57  Cloaking Field  
  46  3:58  SCV x2  
  46  4:00  Hellion  
  50  4:04  Hellion  
  52  4:10  Supply Depot, SCV  
  52  4:12  SCV  
  52  4:15  Barracks Tech Lab  
  54  4:18  SCV  
  54  4:22  SCV  
  56  4:24  Hellion  
  56  4:25  SCV  
  56  4:26  Hellion  
  61  4:31  Banshee  
  61  4:32  Supply Depot  
  61  4:35  SCV, Armory  
  61  4:36  SCV  
  66  4:40  SCV  
  68  4:50  Hellion, Stimpack  
  69  4:54  SCV x2, Hellion  
  69  4:55  Supply Depot  
  69  4:59  Supply Depot  
  73  5:04  Orbital Command  
  73  5:06  SCV x2  
  75  5:08  Barracks  
  75  5:12  Engineering Bay x2  
  75  5:17  Barracks  
  75  5:18  SCV x2  
  75  5:19  Refinery  
  75  5:20  Refinery  
  77  5:21  Factory Reactor  
  77  5:24  Marine  
  78  5:30  SCV x2  
  78  5:33  SCV, Starport Reactor  
  81  5:38  Barracks  
  81  5:39  Barracks  
  81  5:42  SCV x2  
  83  5:48  Hellion x6  
  77  5:50  Marine  
  77  5:53  SCV  
  75  5:58  SCV  
  75  6:01  Terran Infantry Weapons Level 1, Terran Infantry Armor Level 1, SCV  
  70  6:05  SCV, Command Center  
  70  6:06  Marine x4  
  70  6:08  Siege Tank  
  70  6:11  SCV  
  79  6:13  SCV  
  79  6:17  SCV  
  81  6:19  Marine  
  81  6:21  Supply Depot  
  81  6:22  Medivac  
  81  6:23  SCV  
  81  6:24  Medivac  
  87  6:26  SCV  
  87  6:29  SCV, Refinery x2, Barracks Reactor  
  87  6:30  Barracks Reactor  
  89  6:32  Marine  
  89  6:33  Marine  
  89  6:35  SCV  
  89  6:37  Marine  
  93  6:40  Supply Depot  
  93  6:43  Combat Shield, SCV x2, Marine  
  93  6:44  Marine  
  97  6:50  Marine x2  
  99  6:55  SCV x2  
  99  7:00  Factory  
  101  7:01  Siege Tank, Marine, Missile Turret  
  101  7:02  Missile Turret, Barracks  
  101  7:03  Barracks  
  101  7:04  Supply Depot, Missile Turret, Barracks  
  101  7:07  SCV  
  106  7:10  Marine x3  
  106  7:12  Drilling Claws  
  109  7:16  SCV, Marine x2  
  109  7:20  Marine  
  113  7:27  Marine x2  
  113  7:28  SCV  
  116  7:33  Marine  
  116  7:34  Marine x2  
  116  7:35  Siege Tank  
  122  7:37  SCV, Terran Vehicle Weapons Level 1  
  122  7:38  Supply Depot, SCV  
  122  7:39  Marine  
  125  7:45  Marine  
  125  7:46  Marine x2  
  125  7:48  Marine  
  124  7:51  Barracks Tech Lab, Factory Reactor  
  124  7:53  Barracks Tech Lab  
  124  7:54  Barracks Tech Lab, SCV x2  
  124  7:55  Planetary Fortress  
  124  7:56  SCV  
  125  8:00  Marine x4  
  125  8:01  Supply Depot  
  125  8:03  Supply Depot  
  125  8:04  Terran Infantry Armor Level 2, Terran Infantry Weapons Level 2  
  130  8:06  SCV  
  130  8:07  SCV  
  130  8:11  SCV, Marine x2  
  135  8:15  Siege Tank, Sensor Tower  
  135  8:17  Marine  
  135  8:19  Concussive Shells, Marauder  
  140  8:22  Supply Depot  
  140  8:23  Marauder  
  140  8:24  Marine  
  143  8:28  Supply Depot  
  143  8:29  Widow Mine x2  
  143  8:31  Medivac  
  143  8:32  Medivac  
  151  8:34  Marine  
  151  8:35  Supply Depot, Marine  
  151  8:37  Marine x2  
  155  8:43  Marine x3  
  158  8:49  Marauder  
  158  8:50  Command Center  
  158  8:53  Siege Tank  
  158  8:54  Widow Mine  
  167  8:56  Widow Mine  
  167  8:58  Marauder x2  
  167  9:02  Supply Depot  
  171  9:03  Marauder  
  171  9:04  Supply Depot  
  171  9:06  Marine x2  
  175  9:10  Ghost Academy  
  175  9:11  Marauder  
  175  9:13  Marine x2  
  175  9:15  Sensor Tower  
  175  9:16  Marine  
  178  9:18  Marine x3  
  181  9:24  Marauder  
  181  9:25  Widow Mine x2  
  181  9:30  Marine x2  
  181  9:31  Siege Tank, Marauder  
  182  9:46  SCV  
  176  9:52  Command Center  
  176  9:56  Supply Depot x2  
  176  10:01  Marine x2  
  176  10:02  Marauder  
  176  10:04  Marine x2, Marauder, Widow Mine x2  
  188  10:10  Marine  
  188  10:14  Marine  
  188  10:16  Marine x2, Marauder  
  188  10:21  Siege Tank  
  183  10:24  Ghost  
  181  10:30  Ghost x2  
  181  10:32  Widow Mine x2  
  185  10:36  Terran Infantry Armor Level 3, Marine x2, Terran Infantry Weapons Level 3  
  185  10:38  SCV  
  185  10:43  SCV  
  185  10:46  Planetary Fortress  
  178  10:51  Marine, Ghost  
  180  11:02  Ghost  
  174  11:07  Ghost  
  174  11:10  Ghost  
  145  11:12  Marine  
  145  11:17  Planetary Fortress  
  133  11:18  Widow Mine  
  133  11:19  Marine x3, Widow Mine x2  
  133  11:20  SCV x2  
  137  11:26  SCV  
  137  11:27  SCV  
  137  11:28  Personal Cloaking  
  137  11:31  Marauder x2  
  137  11:32  SCV x2  
  145  11:33  Refinery  
  145  11:34  Medivac x2  
  145  11:35  Refinery  
  145  11:38  SCV  
  145  11:39  SCV  
  151  11:42  Widow Mine x3  
  151  11:44  Marauder  
  159  11:50  Marine  
  159  11:51  Marine x2  
  159  11:52  Marine  
  159  11:53  Terran Vehicle And Ship Armor Level 1  
  164  11:54  SCV x2  
  164  11:55  SCV x2  
  164  11:57  Ghost  
  164  11:59  SCV  
  170  12:05  Widow Mine x3  
  170  12:06  Medivac  
  177  12:09  Medivac  
  177  12:17  SCV  
  177  12:19  Ghost  
  177  12:20  Ghost, Command Center  
  177  12:25  Marine x2  
  177  12:27  Widow Mine  
  181  12:31  Marine, Widow Mine  
  181  12:32  Marine  
  185  12:37  Sensor Tower  
  185  12:41  Ghost, Command Center  
  185  12:43  SCV  
  188  12:55  Marauder x2  
  188  12:56  Widow Mine x2, Medivac x2  
  200  13:05  Missile Turret  
  190  13:14  Marine x2  
  190  13:15  Marauder  
  190  13:17  Marine, Ghost x2, Widow Mine  
  190  13:18  Marine, Marauder  
  190  13:19  Marine x3  
  186  13:22  Marine  
  192  13:31  Medivac x2  
  192  13:32  Marine  
  197  13:36  Marine x2  
  197  13:40  Marauder  
  197  13:41  Widow Mine x3  
  188  13:43  Planetary Fortress  
  188  13:46  Marine x2, Marauder x2  
  192  13:49  Missile Turret  
  192  13:54  Missile Turret  
  192  13:56  Orbital Command  
  192  13:57  Missile Turret  
  192  13:58  SCV  
  192  14:01  Marine x2, Marauder  
  192  14:02  Widow Mine  
  165  14:21  Marine x2  
  165  14:22  Marine, Marauder  
  165  14:23  Marine, Marauder, Widow Mine x2  
  155  14:26  Widow Mine  
  155  14:27  Medivac x2  
  155  14:28  Marine x2  
  155  14:29  Marauder  
  155  14:30  Marine x2  
  163  14:31  Marauder  
  159  14:39  SCV  
  159  14:42  Ghost  
  159  14:44  Ghost, Widow Mine  
  166  14:49  Widow Mine x2  
  166  14:50  Marine  
  166  14:51  Marine x3  
  166  14:52  Missile Turret  
  177  14:53  Ghost  
  177  14:55  Ghost  
  178  15:03  Terran Vehicle And Ship Armor Level 2  
  178  15:11  Liberator x2, Ghost  
  185  15:20  Ghost  
  171  15:22  Ghost  
  171  15:24  Ghost  
  162  15:29  Marine x2  
  162  15:30  Widow Mine  
  152  15:38  Marine  
  152  15:40  Marine x2, Marauder  
  152  15:42  Widow Mine x2  
  152  15:43  Marine x2  
  152  15:49  Marauder  
  155  15:53  Marine x2, Marauder  
  155  15:54  Widow Mine  
  153  15:57  Supply Depot, Orbital Command  
  153  15:58  Supply Depot  
  153  16:00  Marine x2  
  153  16:01  Marauder  
  148  16:09  Marine x2, Marauder  
  148  16:11  Marauder  
  152  16:16  Ghost  
  154  16:19  Marine  
  154  16:21  Ghost  
  154  16:22  Marine  
  158  16:29  Marine x2  
  158  16:30  Ghost  
  158  16:32  Marine x2  
  164  16:35  Marine  
  165  16:41  Supply Depot  
  165  16:43  Marine, Marauder  
  166  16:48  Widow Mine x2  
  170  16:55  Marine  
  170  16:56  Orbital Command  
  170  16:58  Marine  
  170  16:59  Marine, Marauder  
  170  17:00  Widow Mine  
  173  17:05  Liberator x2  
  173  17:06  Supply Depot  
  179  17:10  Marauder  
  179  17:12  Marauder  
  182  17:23  Missile Turret  
  167  17:32  Marine  
  167  17:34  Marine x2, Hellion  
  167  17:35  Marauder  
  150  17:37  Marine x3, Marauder  
  150  17:38  Marine, Marauder x2  
  150  17:41  Marine, Widow Mine  
  150  17:42  Widow Mine  
  165  17:50  Marine  
  162  17:56  Marauder  
  140  17:58  Marine x3  
  140  17:59  Marauder x2, Medivac  
  140  18:00  Medivac  
  140  18:04  Marine x2  
  140  18:05  Marauder  
  151  18:06  Marine x2  
  151  18:09  Widow Mine x3  
  145  18:15  Marine  
  145  18:16  Marine  
  145  18:18  Marauder  
  145  18:19  Marine  
  135  18:20  Marine, Marauder  
  135  18:21  Marine  
  135  18:22  Marine  
  135  18:26  Marine  
  125  18:28  Marine  
  125  18:29  Marine, Medivac  
  125  18:30  Medivac  
  125  18:33  Marine, Widow Mine  
  130  18:39  Marine x3  
  130  18:40  Widow Mine  
  130  18:41  Widow Mine  
  135  18:43  Marine x2  
  135  18:44  Marauder  
  135  18:46  Ghost x2  
  135  18:47  Marine x2  
  145  18:53  Marine x2  
  147  18:56  Missile Turret  
  147  18:59  Sensor Tower  
  147  19:00  Liberator x2  
  151  19:03  Widow Mine  
  151  19:07  Ghost  
  153  19:12  Orbital Command  
  153  19:16  Ghost, Widow Mine x2  
  159  19:20  Missile Turret  
  159  19:28  Ghost  
  161  19:35  Refinery  
  161  19:36  Refinery, Missile Turret, SCV x2  
  161  19:37  Marine  
  162  19:39  SCV x2  
  162  19:40  Widow Mine  
  162  19:48  SCV x2  
  162  19:50  Ghost  
  162  19:51  SCV  
  167  19:54  Orbital Command  
  167  19:55  Marine x2, Marauder  
  167  19:57  Marine x2  
  167  19:58  Widow Mine  
  173  20:00  Marine  
  162  20:17  Missile Turret  
  162  20:18  Marine x2  
  162  20:20  Marine x2, Widow Mine x2  
  150  20:21  Widow Mine  
  150  20:22  SCV  
  150  20:23  SCV x2  
  149  20:28  Ghost x2  
Tags
 
Add a new tag
Caveats
  • Supply blocks, unpowered buildings, or Contaminate may cause inaccurate times.
  • Supply counts are checked every 10 seconds.